 Seeded DCSS version 0.30.1-4-g462c640d31 (webtiles) character file.

Game seed: 15660985446129201502 (custom seed)

116 AccursedSamuel the Chopper (level 5, 0/32 HPs)
             Began as a Tengu Monk on Sept 12, 2023.
             Slain by an orc priest
             ... wielding a +0 short sword
              (5 damage)
             ... on level 3 of the Dungeon.
             The game lasted 00:06:31 (2203 turns).

AccursedSamuel the Chopper (Tengu Monk)             Turns: 2203, Time: 00:06:31

Health: 0/32       AC:  9    Str: 18 (19) XL:     5   Next: 0%
Magic:  6/6        EV: 16    Int:  9 (11) God:
Gold:   219        SH:  0    Dex: 14 (16) Spells: 4/4 levels left

rFire   . . .        r - +3 quarterstaff (chaos)
rCold   . . .        (shield currently unavailable)
rNeg    . . .        b - +0 robe
rPois   .            (helmet restricted)
rElec   .            s - +2 cloak
rCorr   +            (no gloves)
SInv    .            (boots unavailable)
Will    .....        (no amulet)
Stlth   +++          e - ring "Saoh" {+Blink rCorr Str+6 Stlth+}
HPRegen 0.25/turn    l - +4 ring of protection
MPRegen 0.10/turn

%: no passive effects
@: flying quickly and evasively, quick
A: beak, talons 3, nimble flight
a: Evoke Blink


You were on level 3 of the Dungeon.
You visited 1 branch of the dungeon, and saw 3 of its levels.

You collected 219 gold pieces.

Inventory:

Hand Weapons
 a - a +0 hand axe
 r - a +3 quarterstaff of chaos (weapon)
Armour
 b - a +0 robe (worn)
 d - an orb of light
 s - a +2 cloak (worn)
Jewellery
 e - the ring "Saoh" (left hand) {+Blink rCorr Str+6 Stlth+}
   (You acquired it on level 1 of the Dungeon)

   [ring of strength]

   Str:       It affects your strength (+6).
   +Blink:    It lets you blink.
   rCorr:     It protects you from acid and corrosion.
   Stlth:     It makes you more stealthy.
 l - a +4 ring of protection (right hand)
Scrolls
 j - 3 scrolls of teleportation
 m - a scroll of enchant armour
Potions
 c - a potion of ambrosia
 f - a potion of magic


   Skills:
 + Level 3.5 Fighting
 + Level 4.6 Axes
 + Level 3.8 Dodging
 + Level 2.1 Stealth


You had 4 spell levels left.
You didn't know any spells.
Your spell library contained the following spells:

 Spells                   Type           Power      Damage    Failure   Level
 Cigotuvi's Dreadful Rot  Necr/Pois/Air  0%         N/A       52%         2
 Lesser Beckoning         Tloc           0%         N/A       52%         2
 Gell's Gravitas          Tloc           0%         N/A       77%         3
 Teleport Other           Tloc           0%         N/A       77%         3
 Dispel Undead            Necr           0%         3d6       99%         4
 Death Channel            Necr           0%         N/A       100%        6


Dungeon Overview and Level Annotations

Branches:
Dungeon (3/15)

Altars:


Innate Abilities, Weirdness & Mutations

You have a beak for a mouth.
You have claws for feet.
Your magical nature lets you fly swiftly and evasively.


Message History

You kill the goblin!
Things that are here:
a +0 club; a goblin corpse
Things that are here:
a +0 club; a goblin corpse You now have 215 gold pieces (gained 5).
You now have 219 gold pieces (gained 4).
You pick up a book of Displacement and begin reading...
You add the spells Lesser Beckoning, Gell's Gravitas and Teleport Other to your library.
An orc comes into view. It is wielding a +0 dagger.
The orc shouts!
You hear a shout!
An orc comes into view. It is wielding a +0 flail.
There are monsters nearby!
An orc comes into view. It is wielding a +0 flail.
The orc moves out of view.
An orc priest comes into view. It is wielding a +0 short sword.
The orc attacks as you move away! The orc hits you but does no damage.
The orc barely misses you.
You hit the orc.
The orc is almost dead.
The orc barely misses you.
You barely miss the orc. You claw the orc.
You kill the orc!
The orc priest calls down the wrath of Beogh upon you.
Beogh smites you!
Ouch! That really hurt!
You have reached level 5!
Your magical nature develops, letting you fly swiftly and evasively.
An orc priest and a rat come into view.
The orc priest shouts!
The orc priest mumbles some strange prayers to Beogh against you.
Beogh smites you!
* * * LOW HITPOINT WARNING * * *
The orc priest closely misses you.
The rat moves out of view.
The orc shouts!
You hit the orc priest. You freeze the orc priest.
You claw the orc priest, but do no damage.
The orc priest is heavily wounded.
The orc priest hits you with a +0 short sword.
You die...

..# ### ...# #..#
..## .r.# #^.#
..##...# #..#
#......# #..#
##......## #..#
#........# #..#
#o######...
####..##########@#
#................#
......#########..#
#.###.# ##.# #.#
#.# #.# #.###.#
#.. ......# ####
..##### ###


You could see an orc priest and a rat (wandering).

Vanquished Creatures
  Crazy Yiuf (D:2)
  Jessica (D:2)
  An adder (D:2)
  A dart slug (D:2)
  An orc (D:3)
  6 endoplasms
  2 giant cockroaches (D:2)
  6 goblins
  5 hobgoblins
  6 kobolds
  5 quokkas
  4 ball pythons
  3 bats
  7 frilled lizards
  6 rats
  A spectral kobold (D:2)
56 creatures vanquished.

Notes
Turn   | Place    | Note
-------+----------+-------------------------------------------
     0 | D:1      | AccursedSamuel the Tengu Monk began the quest for the Orb.
     0 | D:1      | Reached XP level 1. HP: 14/14 MP: 2/2
   136 | D:1      | Reached XP level 2. HP: 11/19 MP: 3/3
   153 | D:1      | Identified a scroll of acquirement
   153 | D:1      | Acquired the ring "Saoh" {+Blink rCorr Str+6 Stlth+}
   607 | D:1      | Reached XP level 3. HP: 23/23 MP: 4/4
   993 | D:2      | Noticed Jessica
  1001 | D:2      | Killed Jessica
  1002 | D:2      | Reached skill level 1 in Stealth
  1034 | D:2      | Reached skill level 4 in Axes
  1351 | D:2      | Reached XP level 4. HP: 28/28 MP: 5/5
  1585 | D:2      | Found a faded altar of an unknown god.
  1744 | D:2      | Found a runed translucent door.
  1745 | D:2      | Noticed Crazy Yiuf
  1841 | D:2      | Killed Crazy Yiuf
  2201 | D:3      | Gained mutation: Your magical nature lets you fly swiftly
                  | and evasively. [Tengu growth]
  2201 | D:3      | Reached XP level 5. HP: 15/32 MP: 6/6
  2203 | D:3      | Slain by an orc priest

Illustrated notes

Levels and vault maps discovered:
D:1:      minmay_arrival_pointy, layout_loops_ring, minmay_gold_behind_fungi
D:2:      layout_basic, dreamdust_ecumenical_altar_drowned_temple,
          hangedman_decor_clover_reticule, fountainhead,
          uniq_crazy_yiuf_cottage, uniq_jessica
D:3:      layout_loops_ring, general_overflow_altar, serial_bayou_pond_d

Skill      XL: |  1  2  3  4 |
---------------+-------------+-----
Stealth        | 1 2 |  2.1
Axes           | 4 |  4.6
Fighting       | |  3.5
Dodging        | |  3.8

Action                     |  1- 3 |  4- 6 || total
---------------------------+-------+-------++-------
  Melee: Hand axe          |    72 |    24 ||    96
         Kick              |    13 |     8 ||    21
         Peck              |     8 |     5 ||    13
         Quarterstaff      |       |    13 ||    13
Ability: Evoke Blink       |     1 |       ||     1
    Use: Scroll            |     2 |     3 ||     5
         Potion            |       |     6 ||     6
   Stab: Sleeping          |     6 |     6 ||    12
 Armour: Robe              |    17 |    10 ||    27
  Dodge: Dodged            |    57 |    30 ||    87
